 Dungeon Crawl Stone Soup version 0.32-a0-329-ge6c31236d6 (webtiles) character file.

Game seed: 17061465148259698874

106522 AlmostDecent the Severer (level 15, -3/216 (220) HPs)
             Began as a Mountain Dwarf Fighter on Feb 16, 2024.
             Was an Elder of Trog.
             Engulfed by a death drake's foul pestilence (11 damage)
             ... in a Gauntlet.
             The game lasted 01:05:41 (19242 turns).

AlmostDecent the Severer (Mountain Dwarf Fighter)  Turns: 19242, Time: 01:05:42

HP:   -3/216 (220)  AC: 26    Str: 27    XL:     15   Next: 69%
MP:   15/15         EV: 10    Int:  8    God:    Trog [****..]
Gold: 1648          SH:  6    Dex:  9    Spells: 14/14 levels left

rFire   + . .        X - +0 broad axe (flame)
rCold   + . .        c - +0 buckler
rNeg    . . .        l - +0 shadow dragon scales
rPois   .            M - +2 helmet
rElec   .            E - scarf {rC+ rF+}
rCorr   .            p - +0 pair of gloves
SInv    +            I - +1 pair of boots of the Catfish {Regen+}
Will    +++..        L - amulet of faith Stlth
                     n - +4 ring of slaying
HPRegen 2.36/turn    G - ring of see invisible
MPRegen 0.14/turn

%: no teleportation, faith
@: berserking, lethally poisoned (-3 -> -54), strong-willed (expiring),
regenerating (expiring), slowed, lightly drained
A: runic magic, artefact enchanting
a: Renounce Religion, Berserk, Trog's Hand, Brothers in Arms


You were in a Gauntlet.
You worshipped Trog.
Trog was greatly pleased with you.
You visited 4 branches of the dungeon, and saw 22 of its levels.
You also visited: Gauntlet.

You collected 2130 gold pieces.
You spent 482 gold pieces at shops.

Inventory:

Hand Weapons
 d - a +0 broad axe of venom
 o - the +11 Singing Sword {sonic wave}
   (You found it on level 4 of the Dungeon)
 U - a +3 antimagic war axe
 X - a +0 broad axe of flaming (weapon)
Armour
 c - a +0 buckler (worn)
 l - +0 shadow dragon scales (worn)
 p - a +0 pair of gloves (worn)
 q - the +0 cloak "Aciowus" {rPois rCorr Int+4}
   (You found it on level 13 of the Dungeon)

   Int+4:     It affects your intelligence (+4).
   rPois:     It protects you from poison rCorr: It protects you from acid and
   corrosion.
 z - a +1 cloak of poison resistance
 E - a scarf of resistance (worn)
 I - the +1 pair of boots of the Catfish (worn) {Regen+}
   (You found it on level 9 of the Dungeon)

   Regen+:    It increases your rate of health regeneration.
 M - a +2 helmet (worn)
Jewellery
 b - a ring of protection from fire
 n - a +4 ring of slaying (left hand)
 y - a ring of poison resistance
 G - a ring of see invisible (right hand)
 L - an amulet of faith (around neck)
 P - a +6 ring of strength
 R - the amulet "Onkeg" {Reflect rElec rC- Int+2 SH+5}
   (You found it on level 13 of the Dungeon)

   [amulet of reflection]

   Reflect:   It reflects blocked missile attacks.
   Int+2:     It affects your intelligence (+2).
   rC-:       It makes you vulnerable to cold.
   rElec:     It insulates you from electricity.
   SH+5:      It affects your SH (+5).
Wands
 i - a wand of roots (24)
 v - a wand of polymorph (22)
 B - a wand of acid (22)
 V - a wand of mindburst (7)
Scrolls
 a - 5 scrolls of identify
 g - a scroll of blinking
 h - 4 scrolls of poison
 j - 2 scrolls of summoning
 r - a scroll of fear
 s - 4 scrolls of immolation
 w - 7 scrolls of teleportation
 x - 2 scrolls of enchant weapon
 C - a scroll of enchant armour
 K - 3 scrolls of noise
 T - a scroll of fog
Potions
 e - 2 potions of invisibility
 f - 13 potions of curing
 k - a potion of might
 t - 2 potions of mutation
 u - 3 potions of attraction
 A - a potion of lignification
 D - a potion of cancellation
 J - a potion of resistance
 W - a potion of heal wounds


   Skills:
 * Level 17.0 Fighting
 - Level 18.0 Axes
 * Level 15.3 Armour
 + Level 4.1 Dodging
 * Level 6.5 Stealth
 + Level 10.4 Shields


You had 14 spell levels left.
You didn't know any spells.
Your spell library contained the following spells:

 Spells                   Type           Power      Damage    Failure   Level
 Apportation              Tloc           0%         N/A       56%         1
 Call Imp                 Summ           0%         N/A       71%         2
 Jinxbite                 Hex            0%         N/A       71%         2
 Mercury Vapours          Alch/Air       0%         N/A       71%         2
 Sublimation of Blood     Necr           0%         N/A       71%         2
 Mephitic Cloud           Conj/Alch/Air  0%         N/A       90%         3
 Ozocubu's Armour         Ice            0%         N/A       90%         3
 Animate Armour           Summ/Erth      0%         N/A       100%        4
 Cause Fear               Hex            0%         N/A       100%        4
 Fulminant Prism          Conj/Alch      0%         3d5       100%        4
 Petrify                  Alch/Erth      0%         N/A       100%        4
 Alistair's Intoxication  Alch           0%         N/A       100%        5
 Borgnjor's Vile Clutch   Necr/Erth      0%         N/A       100%        5
 Fireball                 Conj/Fire      0%         3d3       100%        5
 Freezing Cloud           Conj/Ice/Air   0%         6-21      100%        5
 Metabolic Englaciation   Hex/Ice        0%         N/A       100%        5
 Sculpt Simulacrum        Ice/Alch       0%         N/A       100%        6
 Summon Hydra             Summ           0%         N/A       100%        7
 Dragon's Call            Summ           0%         N/A       100%        9


Dungeon Overview and Level Annotations

Branches:
Dungeon (14/15)            Temple (1/1) D:7            Lair (5/5) D:10
 Shoals (0/4) Lair:3        Snake (0/4) Lair:2        Slime (0/5) Lair:4
    Orc (2/2) D:11            Elf (0/3) Orc:2        Vaults (0/5) D:13
Gauntlet (1/1)

Altars:
Ashenzari
Cheibriados
Dithmenos
Elyvilon
Fedhas
Gozag
Hepliaklqana
Kikubaaqudgha
Makhleb
Nemelex Xobeh
Okawaru
Qazlal
Ru
Sif Muna
Trog
Uskayaw
Vehumet
Wu Jian
Xom
Yredelemnul
Zin
The Shining One
Beogh

Shops:
D:3 *   D:4 :   D:5 *   Orc:2 (**?

Annotations:
Lair:1 exclusion: oklob plant Gauntlet 7 transporters, exclusion: ice statue


Innate Abilities, Weirdness & Mutations

Your spellcasting is much less encumbered by armour.
You can use scrolls of enchantment on lesser artefacts.


Message History

You slash the spectral wolf spider! You burn the spectral wolf spider.
You feel very sick.
The spectral wolf spider hits you but does no damage.
You block the spectral wolf spider's attack.
The death drake bites you!
* * * LOW HITPOINT WARNING * * *
The centaur warrior zombie hits you but does no damage.
The centaur warrior zombie kicks you but does no damage.
You slice the death drake!! You burn the death drake!
The death drake is heavily wounded.
You slash the spectral wolf spider! You burn the spectral wolf spider.
You slash the centaur warrior zombie! You burn the centaur warrior zombie.
You destroy the centaur warrior zombie!
Trog accepts your kill.
You feel sick.
The spectral wolf spider closely misses you.
The spectral wolf spider barely misses you.
The death drake breathes miasma at you. The foul vapour engulfs you!
You are more poisoned.
You feel as though you will be slow longer.
* * * LOW HITPOINT WARNING * * *
You closely miss the death drake.
The death drake is heavily wounded.
You slash the spectral wolf spider! You burn the spectral wolf spider.
You are engulfed in dark miasma.
You are lethally poisoned!
* * * LOW HITPOINT WARNING * * *
You feel the effects of Trog's Hand fading.
* * * LOW HITPOINT WARNING * * *
You feel extremely sick. The spectral wolf spider hits you!
* * * LOW HITPOINT WARNING * * *
The spectral wolf spider bites you but does no damage.
You are too berserk!
You are too berserk!
You are too berserk!
You are engulfed in dark miasma.
You are more poisoned.
You die...

## ### ### ### ### #
##≈###≈###≈###≈###≈###
#≈≈≈#≈≈≈#≈≈≈#≈≈≈#≈≈≈#≈
#≈...................
##.#########...######
##≈.#.......#.ß.#.....
#≈≈.#=###.#.#...#.###. #.
##≈.#[###...#####..#.. #.ß
##.#@###©..#©.©#©)#©#
....##..#°○k.##°#.ß.#....#
#.ß.#...#°°Z.##.#...#.#.##
#...#.∩.#.°°°...#.ß.#.....
#.©.#...#########...######
....#.ß.....#.....ß.#.....
#.©.#...#########...######
#...#.∩.##yy##y##.ß.#k....
#.ß.#...#.##^.#.#...#...##


You could see a death drake (catching breath), a spectral wolf spider and 3
meliai.

Vanquished Creatures
  Jorgrun (D:12)
  3 liches (D:13)
  The ghost of Finookym the Warrior, a journeyman MiGl of the Shining One (D:13)
  An orc warlord (Orc:1)
  The ghost of rbyellow5 the Bludgeoner, a journeyman OnWr of the Shining One (D:13)
  An ironbound thunderhulk (D:13)
  Snorg (D:11)
  A vault guard (D:13)
  An ice dragon (Lair:5)
  Erolcha (D:11)
  5 catoblepae
  4 boulder beetles
  A centaur warrior (D:13)
  9 two-headed ogres
  6 death yaks (Lair:5)
  An orc high priest (Orc:2)
  3 skeletal warriors (D:13)
  2 skysharks
  An arcanist (D:13)
  A swamp dragon (Lair:5)
  6 orc knights
  4 ugly things
  A wolf spider (Lair:5)
  5 cyclopes
  An oklob plant (Lair:4)
  3 orc sorcerers
  Maurice (D:12)
  A spectral centaur (Gauntlet)
  14 elephants
  3 meliai (D:13)
  3 black mambas (Lair:5)
  3 kobold blastminers (Orc:1)
  3 centaur zombies
  5 gargoyles
  A guardian serpent (Lair:5)
  An unseen horror (D:10)
  22 cane toads
  Psyche (D:8)
  2 kobold demonologists (D:11)
  5 rime drakes
  12 komodo dragons
  A tengu conjurer (D:13)
  2 trolls
  3 polar bears
  3 hornets (Lair:5)
  7 saltlings (Orc:2)
  4 dream sheep (Lair:5)
  A snapping turtle (Lair:3)
  3 vampires (D:11)
  11 slime creatures
  23 wyverns
  2 wraiths
  56 yaks
  A water elemental (Lair:3)
  A fire elemental (Lair:3)
  Eustachio (D:5)
  5 basilisks
  A steam dragon (Lair:5)
  2 redbacks (Lair:5)
  6 wargs (Orc:1)
  A naga (Lair:2)
  14 vampire mosquitoes
  Menkaure (D:6)
  21 water moccasins
  5 acid dragons
  2 hell hounds (Orc:1)
  4 swamp drakes (Lair:5)
  3 ice beasts
  A black bear (D:10)
  14 orc warriors
  A sky beast (D:8)
  3 centaurs (D:13)
  8 ogres
  3 wolves (Lair:5)
  A phantom (D:6)
  4 kobold brigands
  15 bullfrogs
  7 scorpions
  A gnoll sergeant (D:7)
  8 wights
  8 killer bees
  2 howler monkeys
  3 electric eels
  8 hounds
  8 jellies
  2 bombardier beetles
  2 sleepcaps
  A gnoll bouda (D:8)
  8 orc priests
  8 iguanas
  13 orc wizards
  14 hell rats
  10 gnolls
  14 adders
  A shadow imp (D:6)
  A white imp (D:5)
  3 ufetubi
  A dart slug (D:1)
  A ribbon worm (D:2)
  69 orcs
  10 endoplasms
  A giant cockroach (D:1)
  7 goblins
  3 hobgoblins
  3 quokkas (D:3)
  3 ball pythons
  8 bats
  5 frilled lizards
  20 kobolds
  5 rats
634 creatures vanquished.

Vanquished Creatures (collateral kills)
  A lich (D:13)
  2 orc knights (Orc:2)
  A cyclops (Orc:2)
  2 orc warriors
  An orc wizard (Orc:2)
7 creatures vanquished.

Grand Total: 641 creatures vanquished

Notes
Turn   | Place    | Note
-------+----------+-------------------------------------------
     0 | D:1      | AlmostDecent the Mountain Dwarf Fighter began the quest for
                  | the Orb.
     0 | D:1      | Reached XP level 1. HP: 19/19 MP: 1/1
   183 | D:1      | Found a faded altar of an unknown god.
   197 | D:1      | Reached XP level 2. HP: 21/26 MP: 2/2
   544 | D:1      | Reached skill level 3 in Axes
   821 | D:1      | Reached XP level 3. HP: 31/33 MP: 3/3
  1060 | D:2      | Reached skill level 4 in Axes
  1132 | D:2      | Reached XP level 4. HP: 40/40 MP: 4/4
  1418 | D:2      | Found a glowing golden altar of the Shining One.
  1628 | D:3      | Got the Compilation of the Ashen Prime Material
  1686 | D:3      | Found Zuyp's General Store.
  1701 | D:3      | Bought a potion of heal wounds for 65 gold pieces
  1951 | D:3      | Reached XP level 5. HP: 46/46 MP: 5/5
  2011 | D:3      | Reached skill level 5 in Axes
  2378 | D:3      | Found an ancient bone altar of Kikubaaqudgha.
  2379 | D:3      | Found a sacrificial altar of Ru.
  2380 | D:3      | Found a blossoming altar of Fedhas.
  2380 | D:3      | Found a hide-covered altar of Uskayaw.
  2625 | D:4      | Found Jonep's Tremendous Tomes.
  2757 | D:4      | Reached skill level 6 in Axes
  2767 | D:4      | Reached XP level 6. HP: 52/52 MP: 6/6
  2896 | D:4      | Found the +11 Singing Sword {sonic wave}
  3199 | D:5      | Entered Level 5 of the Dungeon
  3228 | D:5      | Found Ziyroir's Lightly-Used Armoury.
  3275 | D:5      | Reached skill level 7 in Axes
  3327 | D:5      | Reached XP level 7. HP: 51/59 MP: 7/7
  3378 | D:5      | Reached skill level 1 in Stealth
  3642 | D:5      | Reached skill level 8 in Axes
  4083 | D:5      | Noticed Eustachio
  4098 | D:5      | Killed Eustachio
  4099 | D:5      | Reached skill level 9 in Axes
  4099 | D:5      | Reached XP level 8. HP: 62/67 MP: 8/8
  4382 | D:6      | Reached skill level 5 in Armour
  4648 | D:6      | Reached skill level 10 in Axes
  4653 | D:6      | Reached skill level 5 in Fighting
  4679 | D:6      | Reached skill level 11 in Axes
  4876 | D:6      | Found a white marble altar of Elyvilon.
  4925 | D:6      | Reached skill level 1 in Dodging
  5015 | D:6      | Noticed Menkaure
  5021 | D:6      | Killed Menkaure
  5022 | D:6      | Reached XP level 9. HP: 65/74 MP: 9/9
  5396 | D:6      | Found a basalt altar of Yredelemnul.
  5766 | D:7      | Found a staircase to the Ecumenical Temple.
  5769 | D:7      | Reached skill level 12 in Axes
  5852 | Temple   | Entered the Ecumenical Temple
  5884 | Temple   | Became a worshipper of Trog the Wrathful
  6222 | D:7      | Noticed a komodo dragon
  6237 | D:7      | Killed a komodo dragon
  6423 | D:7      | Noticed a komodo dragon
  6433 | D:7      | Killed a komodo dragon
  6434 | D:7      | Reached skill level 13 in Axes
  6807 | D:8      | Reached * piety under Trog
  7048 | D:8      | Noticed Psyche
  7054 | D:8      | Killed Psyche
  7055 | D:8      | Reached XP level 10. HP: 83/83 MP: 10/10
  7489 | D:9      | Noticed a two-headed ogre
  7496 | D:9      | Killed a two-headed ogre
  7497 | D:9      | Reached skill level 14 in Axes
  7828 | D:9      | Noticed a two-headed ogre
  7843 | D:9      | Killed a two-headed ogre
  7844 | D:9      | Reached skill level 5 in Shields
  7885 | D:9      | Found a stormy altar of Qazlal.
  8177 | D:9      | Reached skill level 15 in Axes
  8264 | D:9      | Identified the +1 pair of boots of the Catfish {Regen+}
  8404 | D:9      | Reached ** piety under Trog
  8724 | D:10     | Entered Level 10 of the Dungeon
  8731 | D:10     | Noticed an elephant
  8733 | D:10     | Found a staircase to the Lair.
  8749 | D:10     | Killed an elephant
  8832 | D:10     | Reached XP level 11. HP: 76/93 MP: 11/11
  8903 | D:10     | Noticed a two-headed ogre
  8911 | D:10     | Killed a two-headed ogre
  8927 | D:10     | Reached skill level 16 in Axes
  9893 | D:11     | Noticed a boulder beetle
  9929 | D:11     | Noticed a two-headed ogre
  9930 | D:11     | Killed a boulder beetle
  9994 | D:11     | Killed a two-headed ogre
 10002 | D:11     | Reached skill level 17 in Axes
 10137 | D:11     | Noticed Erolcha
 10144 | D:11     | Killed Erolcha
 10150 | D:11     | Found a roughly hewn altar of Beogh.
 10150 | D:11     | Found a staircase to the Orcish Mines.
 10162 | D:11     | Reached *** piety under Trog
 10171 | D:11     | Noticed a sixfirhy
 10220 | D:11     | Noticed Snorg
 10234 | D:11     | Killed Snorg
 10377 | D:11     | Reached XP level 12. HP: 104/104 MP: 12/12
 10680 | D:12     | Reached skill level 18 in Axes
 10987 | D:12     | Noticed Jorgrun
 10990 | D:12     | Noticed a two-headed ogre
 11005 | D:12     | Killed a two-headed ogre
 11007 | D:12     | Killed Jorgrun
 11008 | D:12     | Reached skill level 10 in Fighting
 11071 | D:12     | Found a glowing golden altar of the Shining One.
 11133 | D:12     | Noticed Maurice
 11151 | D:12     | Reached skill level 10 in Armour
 11166 | D:12     | Killed Maurice
 11490 | Lair:1   | Entered Level 1 of the Lair of Beasts
 11494 | Lair:1   | Identified the +0 robe of the Hart {rCorr Dex+2 Slay+2}
 11647 | Lair:1   | Noticed a catoblepas
 11675 | Lair:1   | Killed a catoblepas
 11882 | Lair:1   | Noticed a boulder beetle
 11995 | Lair:1   | Killed a boulder beetle
 12125 | Lair:1   | Noticed a catoblepas
 12137 | Lair:1   | Killed a catoblepas
 12202 | Lair:1   | Reached **** piety under Trog
 12514 | Lair:2   | Reached XP level 13. HP: 117/117 MP: 13/13
 12634 | Lair:2   | Found a staircase to the Snake Pit.
 13533 | Lair:3   | Reached ***** piety under Trog
 13861 | Lair:3   | Found a staircase to the Shoals.
 14447 | Lair:4   | Found a staircase to the Slime Pits.
 14484 | Lair:4   | Found a shimmering altar of Xom.
 14554 | Lair:4   | Identified the maw talisman of Hedge Wizardry {Str-3 Dex+5}
 14822 | Lair:5   | Entered Level 5 of the Lair of Beasts
 14845 | Lair:5   | Reached skill level 5 in Stealth
 14847 | Lair:5   | Reached XP level 14. HP: 128/129 MP: 14/14
 15028 | Lair:5   | Received a gift from Trog
 15126 | Lair:5   | Got an earthy gem with 62 turns to spare
 15249 | Lair:5   | Reached ****** piety under Trog
 15446 | Lair:5   | Received a gift from Trog
 16239 | Orc:1    | Entered Level 1 of the Orcish Mines
 16239 | Orc:1    | Noticed an orc warlord
 16252 | Orc:1    | Reached skill level 15 in Fighting
 16253 | Orc:1    | Killed an orc warlord
 16699 | Orc:2    | Entered Level 2 of the Orcish Mines
 16979 | Orc:2    | Found Setit's Magic Scroll Shop.
 16980 | Orc:2    | Found a roughly hewn altar of Beogh.
 16983 | Orc:2    | Found Xezoank's General Store.
 16987 | Orc:2    | Received a gift from Trog
 16988 | Orc:2    | Reached XP level 15. HP: 141/141 MP: 15/15
 17042 | Orc:2    | Found Dyll's Antique Weapon Shoppe.
 17231 | Orc:2    | Found a staircase to the Elven Halls.
 17327 | Orc:2    | Reached skill level 10 in Shields
 17551 | Orc:2    | Found Jeabaad's Assorted Antiques.
 17586 | Orc:2    | Bought 3 scrolls of brand weapon for 313 gold pieces
 17586 | Orc:2    | Bought a scroll of summoning for 104 gold pieces
 18014 | D:13     | Found a runed translucent gate.
 18014 | D:13     | Found a runed translucent gate.
 18014 | D:13     | Found a runed translucent gate.
 18014 | D:13     | Noticed rbyellow5's ghost (journeyman OnWr)
 18016 | D:13     | Found a basalt altar of Yredelemnul.
 18087 | D:13     | Killed rbyellow5's ghost
 18131 | D:13     | Found a gate to the Vaults.
 18321 | D:13     | Reached skill level 15 in Armour
 18771 | D:13     | Found a runed translucent gate.
 18771 | D:13     | Found a runed translucent gate.
 18771 | D:13     | Found a runed translucent gate.
 18771 | D:13     | Found an ancient bone altar of Kikubaaqudgha.
 18771 | D:13     | Noticed a lich
 18772 | D:13     | Noticed a lich
 18772 | D:13     | Noticed Finookym's ghost (journeyman MiGl)
 18772 | D:13     | Noticed a lich
 18772 | D:13     | Noticed a lich
 18786 | D:13     | Killed Finookym's ghost
 18789 | D:13     | Killed a lich
 18811 | D:13     | HP: 2/133 [lich/bolt of cold (19)]
 18820 | D:13     | Killed a lich
 18830 | D:13     | Killed a lich
 18835 | D:13     | Killed a lich
 18850 | D:13     | Identified the +0 cloak "Aciowus" {rPois rCorr Int+4}
 18857 | D:13     | Identified the amulet "Onkeg" {Reflect rElec rC- Int+2
                  | SH+5}
 18957 | D:14     | Found a gate leading to a gauntlet.
 18976 | Gauntlet | Entered a Gauntlet
 18976 | Gauntlet | Found a transporter.
 18976 | Gauntlet | Found a transporter.
 18978 | Gauntlet | Found a transporter.
 18981 | Gauntlet | Found a transporter.
 18982 | Gauntlet | Found a transporter.
 18982 | Gauntlet | Found a transporter.
 19020 | Gauntlet | Found a transporter.
 19024 | Gauntlet | Found a transporter.
 19035 | Gauntlet | Found a transporter.
 19051 | Gauntlet | Found a transporter.
 19066 | Gauntlet | Found a transporter.
 19070 | Gauntlet | Found a transporter.
 19241 | Gauntlet | HP: 8/216 [spectral wolf spider (8)]
 19242 | Gauntlet | Engulfed by a death drake's foul pestilence

Illustrated notes

Levels and vault maps discovered:
D:1:      ebering_trefoil_twist, layout_basic,
          shapermc_ecumenical_altar_mp_urbaneastern
D:2:      layout_basic, serial_curves, eino_curves_01, eino_curves_03,
          basic_altar
D:3:      layout_basic, chequers_temple_overflow_statue_of_worship,
          serial_shops, nicolae_shop_peninsula
D:4:      old_forge, layout_basic, nicolae_shop_i_like_big_books
D:5:      layout_basic, serial_demonic, serial_demonic_c, serial_demonic_d,
          serial_demonic_b, serial_demonic_c, st_stairs_5,
          minmay_misc_feat_rows, minmay_shop_damaged, uniq_eustachio
D:6:      nicolae_cairo_tiling_very_big, layout_basic, kennysheep_ying_yang,
          minmay_alternating_orb, uniq_menkaure
D:7:      layout_cave_pools, minmay_temple_entry_stoned_glass,
          nrook_pool_corridor
D:8:      layout_basic, uniq_psyche
D:9:      layout_irregular_city, lemuel_tele_altar
D:10:     layout_roguey, david_lair_generic, chequers_serial_rivers_large_a
D:11:     layout_long_grid, david_orc_5, uniq_snorg, uniq_erolcha
D:12:     layout_small_grid, nicolae_tso_carved_into_rock, uniq_maurice,
          uniq_jorgrun
D:13:     layout_roguey, hellmonk_vaults_keyhole, gammafunk_ghost_crypt,
          nicolae_yredelemnul_ghost_church
D:14:     minmay_the_grid_triangle_9x9_rhombus_thin_mashed
          [minmay_the_grid_triangle_9x9_semitri,
          minmay_the_grid_triangle_9x9_prize_insulated,
          minmay_the_grid_triangle_9x9_empty,
          minmay_the_grid_triangle_9x9_from_above], layout_rooms, serial_rivers,
          chequers_serial_rivers_large_b, chequers_serial_rivers_marsh,
          chequers_serial_rivers_micro_a, chequers_serial_rivers_small_3,
          chequers_serial_rivers_micro_d, chequers_serial_rivers_room_a,
          minmay_misc_feat_alley, gauntlet_entry_generic, uniq_frances
Temple:   hellmonk_temple_of_storms
Lair:1:   layout_regular_city
Lair:2:   layout_loops_ring, guppyfry_snake_entry_island, grunt_megastairs_1,
          infiniplex_staircase_pool, serial_bayou_shore_a
Lair:3:   layout_gridlike, minmay_shoals_entry_hut
Lair:4:   layout_hall_layers, nicolae_slime_entry_slimehenge,
          lemuel_oklob_altar, grunt_megastairs_5
Lair:5:   guppyfry_lair_end_dragon, layout_long_grid,
          hangedman_lair_tendril_chambers
Orc:1:    cheibrodos_orc_guarddog, layout_caves, enter_volcano_3,
          blackcustard_rock_pile
Orc:2:    hellmonk_orc_salted, layout_diamond_mine
Gauntlet: minmay_gauntlet_77_indecision [minmay_gauntlet_arena_77_hold_the_fort,
          minmay_gauntlet_arena_77_box, minmay_gauntlet_arena_77_broken_ladder,
          minmay_gauntlet_arena_77_two_lines,
          minmay_gauntlet_arena_77_block_sizes, minmay_gauntlet_arena_77_mess,
          gauntlet_exit_watery]

Skill      XL: |  1  2  3  4  5  6  7  8  9 10 11 12 13 14 15 |
---------------+----------------------------------------------+-----
Axes           | 3 4 6 7 9 11 13 15 17 18 | 18.0
Armour         | 4 5 6 7 9 11 12 14 15 | 15.3
Fighting       | 4 5 6 7 9 11 13 15 17 | 17.0
Shields        | 4 5 7 8 9 10 | 10.4
Stealth        | 1 2 3 5 6 |  6.5
Dodging        | 1 2 3 4 |  4.1

Action                     |  1- 3 |  4- 6 |  7- 9 | 10-12 | 13-15 || total
---------------------------+-------+-------+-------+-------+-------++-------
  Melee: War axe           |    81 |   181 |   172 |       |    58 ||   492
         Broad axe         |       |       |   101 |   545 |   677 ||  1323
  Throw: Throwing net      |       |       |     1 |       |       ||     1
 Invoke: Berserk           |       |       |     1 |     7 |    12 ||    20
         Trog's Hand       |       |       |       |     6 |    12 ||    18
         Brothers in Arms  |       |       |       |       |     6 ||     6
    Use: Scroll            |       |     9 |     7 |     6 |    10 ||    32
         Potion            |       |     2 |     2 |     1 |     8 ||    13
   Stab: Sleeping          |       |     3 |     6 |     7 |    23 ||    39
         Held in net/web   |       |     2 |       |       |       ||     2
         Distracted        |       |       |       |       |     2 ||     2
 Armour: Scale mail        |    59 |       |       |       |       ||    59
         Shadow dragon sca |       |   138 |   172 |   581 |   806 ||  1697
         Chain mail        |       |    10 |       |       |       ||    10
  Dodge: Dodged            |    40 |    91 |    94 |   200 |   283 ||   708
  Block: Buckler           |    14 |    52 |    39 |   111 |   205 ||   421

Table legend: (Time is in decaauts)
 A = Elapsed time spent in this place.
 B = Non-inter-level travel time spent in this place.
 C = Inter-level travel time spent in this place.
 D = Time resting spent in this place.
 E = Time spent auto-exploring this place.
 F = Levels seen in this place.
 G = Mean time per level.
                   A        B        C        D        E       F      G
               +--------+--------+--------+--------+--------+-----+--------+
         Total |  19419 |  18243 |   1176 |    176 |  14030 |  23 |  844.3 |
       Dungeon |  12648 |  11942 |    706 |    104 |   9490 |  14 |  903.4 |
        Temple |     64 |      5 |     59 |      0 |      0 |   1 |   64.0 |
          Lair |   4747 |   4586 |    161 |     36 |   3488 |   5 |  949.4 |
  Orcish Mines |   1701 |   1452 |    249 |     36 |   1052 |   2 |  850.5 |
      Gauntlet |    257 |    257 |      0 |      0 |      0 |   1 |  257.0 |
               +--------+--------+--------+--------+--------+-----+--------+

Top non-repeatable levels by time:
     D:6: 1396 daAuts
  Lair:5: 1313 daAuts
     D:5: 1176 daAuts
    D:10: 1123 daAuts
   Orc:2: 1099 daAuts
     D:3: 1086 daAuts
     D:9: 1047 daAuts
     D:1: 1026 daAuts
  Lair:1: 1021 daAuts
     D:8: 993 daAuts
    D:11: 963 daAuts
    D:13: 936 daAuts
  Lair:3: 932 daAuts
  Lair:2: 875 daAuts
     D:7: 867 daAuts
